PHILADELPHIA RAIDERS vs JACKSONVILLE MUDBUGS

Created - 10 novembre 2025 at 09:07

Goals
1 2 3 T
PHILADELPHIA RAIDERS 0 2 1 3
JACKSONVILLE MUDBUGS 1 0 3 4
Shots
1 2 3 T
PHILADELPHIA RAIDERS 6 14 11 31
JACKSONVILLE MUDBUGS 17 18 17 52

1st period

1. JACKSONVILLE MUDBUGS , Morgan Barron 8 (Martin Pospisil 8) at 0:51 (PP)

Penalties :
Zack Ostapchuk (PHI) for Cross-checking (Minor) at 0:45, Donovan Sebrango (PHI) for Tripping (Minor) at 7:03, Zack Ostapchuk (PHI) for Hooking (Minor) at 17:26

2nd period

2. PHILADELPHIA RAIDERS , Zack Ostapchuk 9 (Jonathan Gruden 11, Shai Buium 2) at 1:08 (PP)
3. PHILADELPHIA RAIDERS , Zack Ostapchuk 10 (Shai Buium 3, Jonathan Gruden 12) at 13:52 (PP)

Penalties :
Ty Emberson (JAC) for Interference (Minor) at 0:51, Tyce Thompson (PHI) for Hooking (Minor) at 10:01, Ole Julian Bjorgvik-Holm (JAC) for Holding (Minor) at 12:36

3rd period

4. JACKSONVILLE MUDBUGS , Morgan Barron 9 (Martin Pospisil 9) at 1:09
5. PHILADELPHIA RAIDERS , Cameron Lund 2 (Matthew Poitras 8) at 11:08
6. JACKSONVILLE MUDBUGS , Zach Aston-Reese 7 (Brett Leason 9, John Farinacci 3) at 17:04 (PP)
7. JACKSONVILLE MUDBUGS , Morgan Barron 10 (Martin Pospisil 10) at 19:00

Penalties :
Curtis Lazar (PHI) for Slashing (Double Minor) at 14:50

Goalie Stats

Jaxson Stauber (PHI), 48 saves from 52 shots - (0,923), L, 7-2-1, 60:00 minutes
Zach Sawchenko (JAC), 28 saves from 31 shots - (0,903), W, 8-4-0, 60:00 minutes

Players Stats for PHILADELPHIA RAIDERS

Player Name              G  A  P  +/- PIM S  H  SB GA TA FO     MP     PP MP  PK MP  
------------------------------------------------------------------------------------
Brandon Scanlin          0  0  0  -1  0   0  4  2  0  0  0/0    24:58   0:42   4:08 
Cameron Lund             1  0  1   0  0   5  0  0  0  0  1/2    14:00   0:00   1:35 
Curtis Lazar             0  0  0  -1  4   0  5  2  0  0  2/5    21:42   0:42   3:28 
Dennis Cholowski         0  0  0  -1  0   1  0  3  0  0  0/0    23:24   0:42   2:16 
Donovan Sebrango         0  0  0   0  2   0  1  0  0  0  0/0    12:29   0:00   2:41 
Gavin Hayes              0  0  0   0  0   2  0  0  0  0  2/4    20:40   0:51   0:36 
Jaycob Megna             0  0  0   0  0   2  0  1  0  0  0/0    26:24   0:51   2:58 
Jayden Grubbe            0  0  0   0  0   0  0  0  0  0  0/0     0:33   0:00   0:33 
Jett Luchanko            0  0  0   0  0   0  0  0  0  0  0/0     0:00   0:00   0:00 
Jonathan Gruden          0  2  2   0  0   7  0  1  0  0  0/0    20:04   0:51   0:00 
Lukas Rousek             0  0  0  -1  0   1  0  0  0  0  3/5    21:33   0:42   3:15 
Matthew Poitras          0  1  1  -1  0   2  0  4  0  0  11/31  26:44   0:42   3:52 
Noah Warren              0  0  0   0  0   0  0  1  0  0  0/0     5:32   0:00   0:40 
Riley Kidney             0  0  0   0  0   5  1  0  0  0  2/6    16:36   0:00   3:15 
Shai Buium               0  2  2   0  0   0  4  2  0  0  0/0    26:51   0:51   3:30 
Simon Lundmark           0  0  0   0  0   0  0  0  0  0  0/0     0:21   0:00   0:21 
Tyce Thompson            0  0  0   0  2   0  0  0  0  0  4/6     9:51   0:00   0:00 
Zack Ostapchuk           2  0  2   0  4   6  2  2  0  0  15/24  19:56   0:51   0:00 

Players Stats for JACKSONVILLE MUDBUGS

Player Name              G  A  P  +/- PIM S  H  SB GA TA FO     MP     PP MP  PK MP  
------------------------------------------------------------------------------------
Artem Duda               0  0  0   1  0   1  2  1  0  0  0/0    23:05   4:39   1:02 
Benoit-Olivier Groulx    0  0  0   0  0   1  0  0  0  0  0/2     9:15   1:51   0:00 
Brett Leason             0  1  1   0  0   7  2  0  0  0  0/5    20:57   4:31   0:28 
Egor Sokolov             0  0  0   0  0   0  1  0  0  0  0/0     6:44   1:50   0:00 
Jack Rathbone            0  0  0   0  0   1  0  0  0  0  0/0    27:20   3:49   0:14 
Jaroslav Chmelar         0  0  0   0  0   0  0  0  0  0  0/0     0:00   0:00   0:00 
John Farinacci           0  1  1  -1  0   1  0  0  0  0  23/40  28:46   4:07   1:05 
Kasperi Kapanen          0  0  0   0  0   7  2  0  0  0  2/3    13:43   0:00   0:00 
Martin Pospisil          0  3  3   2  0   6  3  3  0  0  10/22  23:16   3:09   0:00 
Maxim Groshev            0  0  0   0  0   0  0  0  0  0  0/0     0:00   0:00   0:00 
Mikko Kokkonen           0  0  0   2  0   0  0  3  0  0  0/0    24:14   3:04   1:05 
Morgan Barron            3  0  3   2  0   10 0  1  0  0  2/2    21:06   2:20   0:00 
Noah Beck                0  0  0   0  0   0  0  1  0  0  0/0     5:48   1:40   0:14 
Ole Julian Bjorgvik-Holm 0  0  0   0  2   1  2  0  0  0  0/0    13:56   0:00   0:17 
Samu Tuomaala            0  0  0   2  0   0  0  0  0  0  0/1    24:09   2:56   1:05 
Travis Barron            0  0  0  -1  0   0  0  0  0  0  0/0     5:26   0:00   0:00 
Ty Emberson              0  0  0  -1  2   3  0  1  0  0  0/0    24:54   3:22   0:14 
Zach Aston-Reese         1  0  1  -1  0   14 6  0  0  0  6/8    25:46   4:07   0:28 

3 Stars

1 - Morgan Barron (JAC)
2 - Martin Pospisil (JAC)
3 - Zach Aston-Reese (JAC)

Power Play

PHILADELPHIA RAIDERS - 2 on 2 Attempt(s) - 100,00%
JACKSONVILLE MUDBUGS - 2 on 6 Attempt(s) - 33,33%

Penalty Kill

PHILADELPHIA RAIDERS - 4 on 6 Attempt(s) - 66,67% - Score 0 goal in Penalty Kill
JACKSONVILLE MUDBUGS - 0 on 2 Attempt(s) - 0,00% - Score 0 goal in Penalty Kill

Team Stat

PHILADELPHIA RAIDERS - Hits : 17 - Faceoff Wins : 40 - Blocked Shots : 18 - Penalty Minutes : 12
JACKSONVILLE MUDBUGS - Hits : 18 - Faceoff Wins : 43 - Blocked Shots : 10 - Penalty Minutes : 4

Official

Referees : Tom Chmielewski and Chris Schlenker
Linesman : Brent Colby and Colin Gates

Game Notes

Morgan Barron has scored a Hat Trick!

PHILADELPHIA RAIDERS

5 vs 5 Forward 
   Center                   Left Wing                Right Wing               Time % Phy DF OF 
 1 Matthew Poitras          Curtis Lazar             Lukas Rousek             36     1   2  2  
 2 Zack Ostapchuk           Jonathan Gruden          Gavin Hayes              31     1   2  2  
 3 Matthew Poitras          Riley Kidney             Cameron Lund             23     1   2  2  
 4 Riley Kidney             Tyce Thompson            Matthew Poitras          10     1   2  2  

5 vs 5 Defense 
   Defense                  Defense                                           Time % Phy DF OF 
 1 Jaycob Megna             Shai Buium                                        36     1   2  2  
 2 Dennis Cholowski         Brandon Scanlin                                   31     1   2  2  
 3 Dennis Cholowski         Jaycob Megna                                      23     1   2  2  
 4 Shai Buium               Jaycob Megna                                      10     1   2  2  

PowerPlay Forward 
   Center                   Left Wing                Right Wing               Time % Phy DF OF 
 1 Matthew Poitras          Curtis Lazar             Lukas Rousek             55     1   2  2  
 2 Zack Ostapchuk           Jonathan Gruden          Gavin Hayes              45     1   2  2  

PowerPlay Defense
   Defense                  Defense                                           Time % Phy DF OF 
 1 Jaycob Megna             Shai Buium                                        55     1   2  2  
 2 Dennis Cholowski         Brandon Scanlin                                   45     1   2  2  

Penalty Kill 4 Players Forward 
   Center                   Wing                     Time % Phy DF OF 
 1 Curtis Lazar             Matthew Poitras          55     1   2  2  
 2 Lukas Rousek             Riley Kidney             45     1   2  2  

Penalty Kill 4 Players Defense
   Defense                  Defense                  Time % Phy DF OF 
 1 Jaycob Megna             Shai Buium               55     1   2  2  
 2 Dennis Cholowski         Brandon Scanlin          45     1   2  2  

Penalty Kill - 3 Players Forward 
   Forward                                           Time % Phy DF OF 
 1 Riley Kidney                                      55     1   2  2  
 2 Matthew Poitras                                   45     1   2  2  

Penalty Kill - 3 Players Defense
   Defense                  Defense                  Time % Phy DF OF 
 1 Jaycob Megna             Dennis Cholowski         55     1   2  2  
 2 Shai Buium               Brandon Scanlin          45     1   2  2  

4 vs 4 Forward 
   Center                   Wing                     Time % Phy DF OF 
 1 Lukas Rousek             Matthew Poitras          55     1   2  2  
 2 Curtis Lazar             Cameron Lund             45     1   2  2  

4 vs 4 Defense
   Defense                  Defense                  Time % Phy DF OF 
 1 Jaycob Megna             Shai Buium               55     1   2  2  
 2 Dennis Cholowski         Brandon Scanlin          45     1   2  2  

Last Minutes Offensive
   Center                   Left Wing                Right Wing               Defense                  Defense                  
   Matthew Poitras          Curtis Lazar             Lukas Rousek             Jaycob Megna             Shai Buium               

Last Minutes Defensive
   Center                   Left Wing                Right Wing               Defense                  Defense                  
   Matthew Poitras          Curtis Lazar             Lukas Rousek             Jaycob Megna             Shai Buium               

Goaltenders
Starting : Jaxson Stauber           
Backup : Aaron Dell               

Extra Forwards
Normal : Matthew Poitras, Tyce Thompson, Curtis Lazar - PP : Matthew Poitras, Lukas Rousek - PK : Matthew Poitras
Extra Defensemen
Normal : Jaycob Megna, Shai Buium, Brandon Scanlin - PP : Jaycob Megna - PK : Brandon Scanlin, Jaycob Megna
Penalty Shots
Tyce Thompson, Matthew Poitras, Curtis Lazar, Lukas Rousek, Zack Ostapchuk

Scratches
Artur Cholach (Healthy), John Ludvig (Healthy), Cale Fleury (Strained Left Elbow Injury), Ethan Gauthier (Healthy), Hank Kempf (Healthy)
Kalan Lind (Healthy), Michael Callahan (Healthy)

JACKSONVILLE MUDBUGS

5 vs 5 Forward 
   Center                   Left Wing                Right Wing               Time % Phy DF OF 
 1 John Farinacci           Brett Leason             Zach Aston-Reese         36     1   2  2  
 2 Martin Pospisil          Morgan Barron            Samu Tuomaala            31     1   2  2  
 3 John Farinacci           Zach Aston-Reese         Kasperi Kapanen          23     1   2  2  
 4 Zach Aston-Reese         Travis Barron            John Farinacci           10     1   2  2  

5 vs 5 Defense 
   Defense                  Defense                                           Time % Phy DF OF 
 1 Ty Emberson              Jack Rathbone                                     36     1   2  2  
 2 Artem Duda               Mikko Kokkonen                                    31     1   2  2  
 3 Jack Rathbone            Mikko Kokkonen                                    23     1   2  2  
 4 Ole Julian Bjorgvik-Holm Ty Emberson                                       10     1   2  2  

PowerPlay Forward 
   Center                   Left Wing                Right Wing               Time % Phy DF OF 
 1 John Farinacci           Brett Leason             Zach Aston-Reese         55     1   2  2  
 2 Martin Pospisil          Morgan Barron            Samu Tuomaala            45     1   2  2  

PowerPlay Defense
   Defense                  Defense                                           Time % Phy DF OF 
 1 Ty Emberson              Artem Duda                                        55     1   2  2  
 2 Jack Rathbone            Mikko Kokkonen                                    45     1   2  2  

Penalty Kill 4 Players Forward 
   Center                   Wing                     Time % Phy DF OF 
 1 John Farinacci           Samu Tuomaala            55     1   2  2  
 2 Brett Leason             Zach Aston-Reese         45     1   2  2  

Penalty Kill 4 Players Defense
   Defense                  Defense                  Time % Phy DF OF 
 1 Ty Emberson              Artem Duda               55     1   2  2  
 2 Ole Julian Bjorgvik-Holm Mikko Kokkonen           45     1   2  2  

Penalty Kill - 3 Players Forward 
   Forward                                           Time % Phy DF OF 
 1 Zach Aston-Reese                                  55     1   2  2  
 2 John Farinacci                                    45     1   2  2  

Penalty Kill - 3 Players Defense
   Defense                  Defense                  Time % Phy DF OF 
 1 Ty Emberson              Artem Duda               55     1   2  2  
 2 Jack Rathbone            Mikko Kokkonen           45     1   2  2  

4 vs 4 Forward 
   Center                   Wing                     Time % Phy DF OF 
 1 John Farinacci           Brett Leason             55     1   2  2  
 2 Samu Tuomaala            Zach Aston-Reese         45     1   2  2  

4 vs 4 Defense
   Defense                  Defense                  Time % Phy DF OF 
 1 Jack Rathbone            Ty Emberson              55     1   2  2  
 2 Artem Duda               Mikko Kokkonen           45     1   2  2  

Last Minutes Offensive
   Center                   Left Wing                Right Wing               Defense                  Defense                  
   Brett Leason             Zach Aston-Reese         John Farinacci           Ty Emberson              Artem Duda               

Last Minutes Defensive
   Center                   Left Wing                Right Wing               Defense                  Defense                  
   Brett Leason             Zach Aston-Reese         John Farinacci           Ty Emberson              Artem Duda               

Goaltenders
Starting : Zach Sawchenko           
Backup : Benjamin Gaudreau        

Extra Forwards
Normal : Kasperi Kapanen, John Farinacci, Zach Aston-Reese - PP : Zach Aston-Reese, John Farinacci - PK : Zach Aston-Reese
Extra Defensemen
Normal : Mikko Kokkonen, Ty Emberson, Jack Rathbone - PP : Mikko Kokkonen - PK : Ole Julian Bjorgvik-Holm, Mikko Kokkonen
Penalty Shots
Zach Aston-Reese, Travis Barron, Brett Leason, Samu Tuomaala, John Farinacci

Scratches
Jacob Melanson (Healthy), Jaret Anderson-Dolan (Healthy), Maxim Barbashev (Healthy), MacKenzie Entwistle (Healthy), Robert Mastrosimone (Healthy)
Elliot Desnoyers (Healthy), Tanner Dickinson (Healthy), Samuel Laberge (Healthy), Samuel Savoie (Healthy), Zac Funk (Healthy)
William Dufour (Healthy), Vyacheslav Peksa (Healthy)

% Time on Ice - PHILADELPHIA RAIDERS

Lines # - Real PCT - Wanted PCT - Time Play
Normal Forward
1 - 34% - 36% - 16:37
2 - 39% - 31% - 19:13
3 - 19% - 23% - 9:29
4 - 8% - 10% - 3:52
Normal Defense
1 - 36% - 36% - 17:54
2 - 40% - 31% - 19:44
3 - 18% - 23% - 8:48
4 - 6% - 10% - 2:45
PP Forward
1 - 45% - 55% - 0:42
2 - 55% - 45% - 0:51
PP Defense
1 - 55% - 55% - 0:51
2 - 45% - 45% - 0:42
PK Forward
1 - 61% - 55% - 5:02
2 - 39% - 45% - 3:15
PK Defense
1 - 52% - 55% - 4:19
2 - 48% - 45% - 3:58
PK3 Forward
1 - 0% - 55%
2 - 0% - 45%
PK3 Defense
1 - 0% - 55%
2 - 0% - 45%
44 Forward
1 - 0% - 55%
2 - 0% - 45%
44 Defense
1 - 0% - 55%
2 - 0% - 45%
Last Minute Offensive  - 0:59
Last Minute Defensive  - 0:00
Total
Forward - 60:00
Defense - 60:00

% Time on Ice - JACKSONVILLE MUDBUGS

Lines # - Real PCT - Wanted PCT - Time Play
Normal Forward
1 - 28% - 36% - 13:37
2 - 44% - 31% - 21:52
3 - 17% - 23% - 8:16
4 - 11% - 10% - 5:26
Normal Defense
1 - 26% - 36% - 12:43
2 - 31% - 31% - 15:08
3 - 15% - 23% - 7:19
4 - 28% - 10% - 14:01
PP Forward
1 - 55% - 55% - 4:32
2 - 45% - 45% - 3:45
PP Defense
1 - 53% - 55% - 4:23
2 - 47% - 45% - 3:54
PK Forward
1 - 70% - 55% - 1:05
2 - 30% - 45% - 0:28
PK Defense
1 - 15% - 55% - 0:14
2 - 85% - 45% - 1:19
PK3 Forward
1 - 0% - 55%
2 - 0% - 45%
PK3 Defense
1 - 0% - 55%
2 - 0% - 45%
44 Forward
1 - 0% - 55%
2 - 0% - 45%
44 Defense
1 - 0% - 55%
2 - 0% - 45%
Last Minute Offensive  - 0:00
Last Minute Defensive  - 0:59
Total
Forward - 60:00
Defense - 60:00

Play-by-Play

1st period


0:01 of 1st period - Lukas Rousek wins face-off versus John Farinacci in neutral zone.
0:23 of 1st period - Icing by Jack Rathbone.
0:24 of 1st period - Zack Ostapchuk wins face-off versus John Farinacci in JACKSONVILLE MUDBUGS zone.
0:45 of 1st period - Minor Penalty to Zack Ostapchuk for Cross-checking.
0:46 of 1st period - Martin Pospisil wins face-off versus Matthew Poitras in PHILADELPHIA RAIDERS zone.
0:51 of 1st period - Shot by Morgan Barron.
0:51 of 1st period - Goal by Morgan Barron - PHILADELPHIA RAIDERS : 0 - JACKSONVILLE MUDBUGS : 1.
0:52 of 1st period - Matthew Poitras wins face-off versus Martin Pospisil in neutral zone.
1:06 of 1st period - Shot by Martin Pospisil.
1:06 of 1st period - Stopped by Jaxson Stauber without a rebound.
1:07 of 1st period - John Farinacci wins face-off versus Zack Ostapchuk in PHILADELPHIA RAIDERS zone.
1:08 of 1st period - Shot by Zach Aston-Reese.
1:08 of 1st period - Shot Hit the Post.
1:10 of 1st period - Shot by Ty Emberson.
1:10 of 1st period - Stopped by Jaxson Stauber with a rebound.
1:33 of 1st period - Icing by Jaycob Megna.
1:34 of 1st period - Martin Pospisil wins face-off versus Gavin Hayes in PHILADELPHIA RAIDERS zone.
2:05 of 1st period - Shot by Morgan Barron.
2:05 of 1st period - Stopped by Jaxson Stauber without a rebound.
2:06 of 1st period - Matthew Poitras wins face-off versus Zach Aston-Reese in PHILADELPHIA RAIDERS zone.
4:02 of 1st period - Shot by Zach Aston-Reese.
4:02 of 1st period - Stopped by Jaxson Stauber without a rebound.
4:03 of 1st period - Tyce Thompson wins face-off versus Martin Pospisil in PHILADELPHIA RAIDERS zone.
4:34 of 1st period - Shot by Riley Kidney.
4:34 of 1st period - Stopped by Zach Sawchenko without a rebound.
4:35 of 1st period - John Farinacci wins face-off versus Zack Ostapchuk in JACKSONVILLE MUDBUGS zone.
5:03 of 1st period - Shot by Gavin Hayes.
5:03 of 1st period - Stopped by Zach Sawchenko without a rebound.
5:04 of 1st period - John Farinacci wins face-off versus Riley Kidney in JACKSONVILLE MUDBUGS zone.
5:09 of 1st period - Shot by Matthew Poitras.
5:09 of 1st period - Shot Misses the Net.
5:30 of 1st period - Shot by Brett Leason.
5:30 of 1st period - Stopped by Jaxson Stauber with a rebound.
5:32 of 1st period - Shot by Brett Leason.
5:32 of 1st period - Shot Misses the Net.
6:42 of 1st period - Shot by Zach Aston-Reese.
6:42 of 1st period - Shot Blocked by Zack Ostapchuk.
6:46 of 1st period - Shot by Kasperi Kapanen.
6:46 of 1st period - Stopped by Jaxson Stauber without a rebound.
6:47 of 1st period - Riley Kidney wins face-off versus John Farinacci in PHILADELPHIA RAIDERS zone.
6:53 of 1st period - Dennis Cholowski is hit by Zach Aston-Reese and loses puck.
7:00 of 1st period - Shot by Brett Leason.
7:00 of 1st period - Stopped by Jaxson Stauber with a rebound.
7:02 of 1st period - Shot by Brett Leason.
7:02 of 1st period - Shot Misses the Net.
7:03 of 1st period - Minor Penalty to Donovan Sebrango for Tripping.
7:04 of 1st period - John Farinacci wins face-off versus Curtis Lazar in PHILADELPHIA RAIDERS zone.
7:13 of 1st period - Shot by Zach Aston-Reese.
7:13 of 1st period - Stopped by Jaxson Stauber without a rebound.
7:14 of 1st period - Lukas Rousek wins face-off versus John Farinacci in PHILADELPHIA RAIDERS zone.
8:59 of 1st period - Shot by Brett Leason.
8:59 of 1st period - Shot Blocked by Noah Warren.
9:01 of 1st period - Shot by Brett Leason.
9:01 of 1st period - Stopped by Jaxson Stauber without a rebound.
9:02 of 1st period - Curtis Lazar wins face-off versus John Farinacci in PHILADELPHIA RAIDERS zone.
9:07 of 1st period - Shot by Jonathan Gruden.
9:07 of 1st period - Stopped by Zach Sawchenko without a rebound.
9:08 of 1st period - Zack Ostapchuk wins face-off versus John Farinacci in JACKSONVILLE MUDBUGS zone.
9:18 of 1st period - Zach Aston-Reese is hit by Shai Buium and loses puck.
9:28 of 1st period - Zach Aston-Reese is hit by Shai Buium and loses puck.
10:14 of 1st period - Shot by Curtis Lazar.
10:14 of 1st period - Shot Misses the Net.
10:40 of 1st period - Shot by Cameron Lund.
10:40 of 1st period - Deflect By Riley Kidney.
10:40 of 1st period - Stopped by Zach Sawchenko with a rebound.
11:36 of 1st period - Shot by Zach Aston-Reese.
11:36 of 1st period - Stopped by Jaxson Stauber without a rebound.
11:37 of 1st period - Gavin Hayes wins face-off versus John Farinacci in PHILADELPHIA RAIDERS zone.
11:44 of 1st period - Shot by Zack Ostapchuk.
11:44 of 1st period - Stopped by Zach Sawchenko without a rebound.
11:45 of 1st period - John Farinacci wins face-off versus Matthew Poitras in JACKSONVILLE MUDBUGS zone.
11:54 of 1st period - Shot by Ty Emberson.
11:54 of 1st period - Stopped by Jaxson Stauber with a rebound.
12:34 of 1st period - Curtis Lazar is hit by Kasperi Kapanen and loses puck.
13:35 of 1st period - Shot by Martin Pospisil.
13:35 of 1st period - Shot Misses the Net.
13:49 of 1st period - Shot by Egor Sokolov.
13:49 of 1st period - Shot Misses the Net.
13:51 of 1st period - Shot by Brett Leason.
13:51 of 1st period - Stopped by Jaxson Stauber without a rebound.
13:52 of 1st period - Zach Aston-Reese wins face-off versus Riley Kidney in PHILADELPHIA RAIDERS zone.
13:53 of 1st period - Shot by John Farinacci.
13:53 of 1st period - Deflect By Zach Aston-Reese.
13:53 of 1st period - Shot Blocked by Dennis Cholowski.
13:55 of 1st period - Shot by Zach Aston-Reese.
13:55 of 1st period - Shot Misses the Net.
13:57 of 1st period - Shot by Zach Aston-Reese.
13:57 of 1st period - Shot Misses the Net.
13:59 of 1st period - Shot by Zach Aston-Reese.
13:59 of 1st period - Shot Blocked by Matthew Poitras.
14:01 of 1st period - Shot by John Farinacci.
14:01 of 1st period - Shot Misses the Net.
14:03 of 1st period - Shot by Zach Aston-Reese.
14:03 of 1st period - Shot Misses the Net.
14:13 of 1st period - Shot by Zach Aston-Reese.
14:13 of 1st period - Stopped by Jaxson Stauber without a rebound.
14:14 of 1st period - Kasperi Kapanen wins face-off versus Zack Ostapchuk in PHILADELPHIA RAIDERS zone.
14:17 of 1st period - Shot by Kasperi Kapanen.
14:17 of 1st period - Deflect By Morgan Barron.
14:17 of 1st period - Shot Misses the Net.
15:42 of 1st period - Shot by Brett Leason.
15:42 of 1st period - Stopped by Jaxson Stauber with a rebound.
15:44 of 1st period - Shot by Brett Leason.
15:44 of 1st period - Shot Misses the Net.
15:46 of 1st period - Shot by Morgan Barron.
15:46 of 1st period - Deflect By Martin Pospisil.
15:46 of 1st period - Stopped by Jaxson Stauber without a rebound.
15:47 of 1st period - Zack Ostapchuk wins face-off versus Kasperi Kapanen in PHILADELPHIA RAIDERS zone.
15:47 of 1st period - Zack Ostapchuk is hit by Kasperi Kapanen.
16:27 of 1st period - Shot by Cameron Lund.
16:27 of 1st period - Stopped by Zach Sawchenko without a rebound.
16:28 of 1st period - Tyce Thompson wins face-off versus Martin Pospisil in JACKSONVILLE MUDBUGS zone.
16:29 of 1st period - Shot by Riley Kidney.
16:29 of 1st period - Shot Blocked by Martin Pospisil.
16:37 of 1st period - Shot by Morgan Barron.
16:37 of 1st period - Stopped by Jaxson Stauber without a rebound.
16:38 of 1st period - Tyce Thompson wins face-off versus Martin Pospisil in PHILADELPHIA RAIDERS zone.
16:58 of 1st period - Shot by Martin Pospisil.
16:58 of 1st period - Shot Misses the Net.
17:26 of 1st period - Minor Penalty to Zack Ostapchuk for Hooking.
17:27 of 1st period - John Farinacci wins face-off versus Matthew Poitras in PHILADELPHIA RAIDERS zone.
19:49 of 1st period - Shot by Gavin Hayes.
19:49 of 1st period - Shot Misses the Net.
Goals for this period are 0 for PHILADELPHIA RAIDERS vs 1 for JACKSONVILLE MUDBUGS.
Shots for this period are 6 for PHILADELPHIA RAIDERS vs 17 for JACKSONVILLE MUDBUGS.

2nd period


0:01 of 2nd period - John Farinacci wins face-off versus Matthew Poitras in neutral zone.
0:08 of 2nd period - Shot by Brett Leason.
0:08 of 2nd period - Shot Misses the Net.
0:13 of 2nd period - Matthew Poitras is hit by Brett Leason.
0:30 of 2nd period - Shot by Curtis Lazar.
0:30 of 2nd period - Shot Misses the Net.
0:51 of 2nd period - Minor Penalty to Ty Emberson for Interference.
0:52 of 2nd period - Zack Ostapchuk wins face-off versus John Farinacci in JACKSONVILLE MUDBUGS zone.
0:53 of 2nd period - Shot by Jonathan Gruden.
0:53 of 2nd period - Shot Misses the Net.
0:55 of 2nd period - Shot by Jaycob Megna.
0:55 of 2nd period - Stopped by Zach Sawchenko without a rebound.
0:56 of 2nd period - Zack Ostapchuk wins face-off versus John Farinacci in JACKSONVILLE MUDBUGS zone.
0:56 of 2nd period - Zack Ostapchuk is hit by Ole Julian Bjorgvik-Holm.
0:59 of 2nd period - Jonathan Gruden is hit by Ole Julian Bjorgvik-Holm and loses puck.
1:06 of 2nd period - Shot by Jonathan Gruden.
1:06 of 2nd period - Deflect By Zack Ostapchuk.
1:06 of 2nd period - Shot Misses the Net.
1:08 of 2nd period - Shot by Zack Ostapchuk.
1:08 of 2nd period - Goal by Zack Ostapchuk - PHILADELPHIA RAIDERS : 1 - JACKSONVILLE MUDBUGS : 1.
1:09 of 2nd period - Morgan Barron wins face-off versus Riley Kidney in neutral zone.
1:30 of 2nd period - Shot by Morgan Barron.
1:30 of 2nd period - Stopped by Jaxson Stauber without a rebound.
1:31 of 2nd period - John Farinacci wins face-off versus Zack Ostapchuk in PHILADELPHIA RAIDERS zone.
1:36 of 2nd period - Shot by Zach Aston-Reese.
1:36 of 2nd period - Shot Misses the Net.
2:46 of 2nd period - Shot by Morgan Barron.
2:46 of 2nd period - Stopped by Jaxson Stauber without a rebound.
2:47 of 2nd period - Matthew Poitras wins face-off versus Martin Pospisil in PHILADELPHIA RAIDERS zone.
2:54 of 2nd period - Shot by Morgan Barron.
2:54 of 2nd period - Shot Misses the Net.
3:02 of 2nd period - Shot by Morgan Barron.
3:02 of 2nd period - Shot Misses the Net.
3:16 of 2nd period - Shot by Riley Kidney.
3:16 of 2nd period - Shot Misses the Net.
3:18 of 2nd period - Shot by Matthew Poitras.
3:18 of 2nd period - Shot Blocked by Martin Pospisil.
3:20 of 2nd period - Shot by Cameron Lund.
3:20 of 2nd period - Stopped by Zach Sawchenko without a rebound.
3:21 of 2nd period - Matthew Poitras wins face-off versus John Farinacci in JACKSONVILLE MUDBUGS zone.
3:40 of 2nd period - Shot by Brett Leason.
3:40 of 2nd period - Shot Blocked by Dennis Cholowski.
4:03 of 2nd period - Shot by Morgan Barron.
4:03 of 2nd period - Stopped by Jaxson Stauber without a rebound.
4:04 of 2nd period - Zack Ostapchuk wins face-off versus Martin Pospisil in PHILADELPHIA RAIDERS zone.
4:11 of 2nd period - Shot by Shai Buium.
4:11 of 2nd period - Shot Misses the Net.
4:13 of 2nd period - Shot by Zack Ostapchuk.
4:13 of 2nd period - Shot Blocked by Martin Pospisil.
4:15 of 2nd period - Shot by Jonathan Gruden.
4:15 of 2nd period - Deflect By Zack Ostapchuk.
4:15 of 2nd period - Shot Misses the Net.
5:02 of 2nd period - Shot by Kasperi Kapanen.
5:02 of 2nd period - Stopped by Jaxson Stauber with a rebound.
5:04 of 2nd period - Shot by Zach Aston-Reese.
5:04 of 2nd period - Shot Blocked by Shai Buium.
5:06 of 2nd period - Shot by Ty Emberson.
5:06 of 2nd period - Stopped by Jaxson Stauber with a rebound.
5:08 of 2nd period - Shot by Kasperi Kapanen.
5:08 of 2nd period - Stopped by Jaxson Stauber without a rebound.
5:09 of 2nd period - Kasperi Kapanen wins face-off versus Matthew Poitras in PHILADELPHIA RAIDERS zone.
5:14 of 2nd period - Shot by Zach Aston-Reese.
5:14 of 2nd period - Shot Blocked by Curtis Lazar.
5:16 of 2nd period - Shot by Artem Duda.
5:16 of 2nd period - Shot Blocked by Curtis Lazar.
5:20 of 2nd period - Shot by Zach Aston-Reese.
5:20 of 2nd period - Shot Misses the Net.
5:28 of 2nd period - Shot by Zach Aston-Reese.
5:28 of 2nd period - Shot Misses the Net.
5:30 of 2nd period - Shot by Brett Leason.
5:30 of 2nd period - Shot Misses the Net.
6:06 of 2nd period - Icing by Curtis Lazar.
6:07 of 2nd period - Martin Pospisil wins face-off versus Matthew Poitras in PHILADELPHIA RAIDERS zone.
6:07 of 2nd period - Morgan Barron is hit by Donovan Sebrango and loses puck.
6:15 of 2nd period - Martin Pospisil is hit by Curtis Lazar and loses puck.
6:20 of 2nd period - Morgan Barron is hit by Curtis Lazar and loses puck.
7:00 of 2nd period - Shot by Jonathan Gruden.
7:00 of 2nd period - Stopped by Zach Sawchenko without a rebound.
7:01 of 2nd period - John Farinacci wins face-off versus Tyce Thompson in JACKSONVILLE MUDBUGS zone.
7:12 of 2nd period - Shot by Cameron Lund.
7:12 of 2nd period - Stopped by Zach Sawchenko without a rebound.
7:13 of 2nd period - John Farinacci wins face-off versus Zack Ostapchuk in JACKSONVILLE MUDBUGS zone.
7:18 of 2nd period - Shot by Kasperi Kapanen.
7:18 of 2nd period - Stopped by Jaxson Stauber without a rebound.
7:19 of 2nd period - Zack Ostapchuk wins face-off versus John Farinacci in PHILADELPHIA RAIDERS zone.
7:19 of 2nd period - Zack Ostapchuk is hit by Brett Leason.
7:31 of 2nd period - Shot by Jonathan Gruden.
7:31 of 2nd period - Stopped by Zach Sawchenko without a rebound.
7:32 of 2nd period - John Farinacci wins face-off versus Matthew Poitras in JACKSONVILLE MUDBUGS zone.
7:42 of 2nd period - Icing by Mikko Kokkonen.
7:43 of 2nd period - John Farinacci wins face-off versus Zack Ostapchuk in JACKSONVILLE MUDBUGS zone.
7:43 of 2nd period - John Farinacci is hit by Zack Ostapchuk.
7:56 of 2nd period - Icing by Jack Rathbone.
7:57 of 2nd period - John Farinacci wins face-off versus Curtis Lazar in JACKSONVILLE MUDBUGS zone.
7:57 of 2nd period - John Farinacci is hit by Curtis Lazar.
8:03 of 2nd period - Shot by Kasperi Kapanen.
8:03 of 2nd period - Shot Misses the Net.
8:53 of 2nd period - Shot by Jonathan Gruden.
8:53 of 2nd period - Deflect By Zack Ostapchuk.
8:53 of 2nd period - Shot Misses the Net.
9:17 of 2nd period - Shot by Martin Pospisil.
9:17 of 2nd period - Shot Misses the Net.
9:54 of 2nd period - Shot by Cameron Lund.
9:54 of 2nd period - Stopped by Zach Sawchenko with a rebound.
9:56 of 2nd period - Shot by Matthew Poitras.
9:56 of 2nd period - Stopped by Zach Sawchenko without a rebound.
9:57 of 2nd period - Zach Aston-Reese wins face-off versus Tyce Thompson in JACKSONVILLE MUDBUGS zone.
9:59 of 2nd period - Ty Emberson is hit by Curtis Lazar and loses puck.
10:01 of 2nd period - Minor Penalty to Tyce Thompson for Hooking.
10:02 of 2nd period - Martin Pospisil wins face-off versus Lukas Rousek in PHILADELPHIA RAIDERS zone.
10:09 of 2nd period - Shot by Martin Pospisil.
10:09 of 2nd period - Stopped by Jaxson Stauber without a rebound.
10:10 of 2nd period - John Farinacci wins face-off versus Curtis Lazar in PHILADELPHIA RAIDERS zone.
10:52 of 2nd period - Shot by Morgan Barron.
10:52 of 2nd period - Shot Blocked by Dennis Cholowski.
11:14 of 2nd period - Shot by Morgan Barron.
11:14 of 2nd period - Stopped by Jaxson Stauber without a rebound.
11:15 of 2nd period - Lukas Rousek wins face-off versus Brett Leason in PHILADELPHIA RAIDERS zone.
12:08 of 2nd period - Shot by Martin Pospisil.
12:08 of 2nd period - Stopped by Jaxson Stauber without a rebound.
12:09 of 2nd period - John Farinacci wins face-off versus Zack Ostapchuk in PHILADELPHIA RAIDERS zone.
12:09 of 2nd period - Benoit-Olivier Groulx is hit by Shai Buium and loses puck.
12:12 of 2nd period - Shot by Jack Rathbone.
12:12 of 2nd period - Shot Misses the Net.
12:14 of 2nd period - Shot by John Farinacci.
12:14 of 2nd period - Shot Misses the Net.
12:16 of 2nd period - Shot by Kasperi Kapanen.
12:16 of 2nd period - Shot Misses the Net.
12:18 of 2nd period - Shot by Jack Rathbone.
12:18 of 2nd period - Stopped by Jaxson Stauber with a rebound.
12:20 of 2nd period - Shot by Kasperi Kapanen.
12:20 of 2nd period - Stopped by Jaxson Stauber with a rebound.
12:22 of 2nd period - Shot by John Farinacci.
12:22 of 2nd period - Stopped by Jaxson Stauber without a rebound.
12:23 of 2nd period - Martin Pospisil wins face-off versus Riley Kidney in PHILADELPHIA RAIDERS zone.
12:36 of 2nd period - Minor Penalty to Ole Julian Bjorgvik-Holm for Holding.
12:37 of 2nd period - Zack Ostapchuk wins face-off versus John Farinacci in JACKSONVILLE MUDBUGS zone.
12:40 of 2nd period - Shot by Gavin Hayes.
12:40 of 2nd period - Shot Blocked by Artem Duda.
12:42 of 2nd period - Shot by Shai Buium.
12:42 of 2nd period - Shot Blocked by Mikko Kokkonen.
12:44 of 2nd period - Shot by Jonathan Gruden.
12:44 of 2nd period - Shot Misses the Net.
12:46 of 2nd period - Shot by Shai Buium.
12:46 of 2nd period - Shot Misses the Net.
12:48 of 2nd period - Shot by Zack Ostapchuk.
12:48 of 2nd period - Stopped by Zach Sawchenko with a rebound.
12:50 of 2nd period - Shot by Jaycob Megna.
12:50 of 2nd period - Stopped by Zach Sawchenko without a rebound.
12:51 of 2nd period - John Farinacci wins face-off versus Matthew Poitras in JACKSONVILLE MUDBUGS zone.
13:12 of 2nd period - Shot by Dennis Cholowski.
13:12 of 2nd period - Shot Misses the Net.
13:14 of 2nd period - Shot by Dennis Cholowski.
13:14 of 2nd period - Shot Misses the Net.
13:16 of 2nd period - Shot by Matthew Poitras.
13:16 of 2nd period - Shot Blocked by Mikko Kokkonen.
13:18 of 2nd period - Shot by Dennis Cholowski.
13:18 of 2nd period - Shot Blocked by Mikko Kokkonen.
13:48 of 2nd period - Shot by Jonathan Gruden.
13:48 of 2nd period - Stopped by Zach Sawchenko with a rebound.
13:52 of 2nd period - Shot by Zack Ostapchuk.
13:52 of 2nd period - Goal by Zack Ostapchuk - PHILADELPHIA RAIDERS : 2 - JACKSONVILLE MUDBUGS : 1.
13:53 of 2nd period - Martin Pospisil wins face-off versus Matthew Poitras in neutral zone.
14:07 of 2nd period - Shot by Riley Kidney.
14:07 of 2nd period - Stopped by Zach Sawchenko with a rebound.
14:09 of 2nd period - Shot by Matthew Poitras.
14:09 of 2nd period - Shot Misses the Net.
14:18 of 2nd period - Shot by Matthew Poitras.
14:18 of 2nd period - Shot Blocked by Morgan Barron.
14:28 of 2nd period - Icing by Ty Emberson.
14:29 of 2nd period - Gavin Hayes wins face-off versus Martin Pospisil in JACKSONVILLE MUDBUGS zone.
14:37 of 2nd period - Shot by Jonathan Gruden.
14:37 of 2nd period - Deflect By Zack Ostapchuk.
14:37 of 2nd period - Stopped by Zach Sawchenko without a rebound.
14:38 of 2nd period - Zack Ostapchuk wins face-off versus John Farinacci in JACKSONVILLE MUDBUGS zone.
14:38 of 2nd period - Jonathan Gruden is hit by Artem Duda and loses puck.
15:07 of 2nd period - Jonathan Gruden is hit by Zach Aston-Reese and loses puck.
15:41 of 2nd period - Zack Ostapchuk is hit by Artem Duda and loses puck.
15:47 of 2nd period - Brett Leason is hit by Brandon Scanlin.
16:03 of 2nd period - Shot by Morgan Barron.
16:03 of 2nd period - Shot Misses the Net.
16:44 of 2nd period - Shot by Benoit-Olivier Groulx.
16:44 of 2nd period - Stopped by Jaxson Stauber with a rebound.
16:46 of 2nd period - Shot by Ole Julian Bjorgvik-Holm.
16:46 of 2nd period - Stopped by Jaxson Stauber with a rebound.
16:48 of 2nd period - Shot by Kasperi Kapanen.
16:48 of 2nd period - Stopped by Jaxson Stauber with a rebound.
17:15 of 2nd period - Shot by Curtis Lazar.
17:15 of 2nd period - Shot Blocked by Noah Beck.
17:32 of 2nd period - Shot by Benoit-Olivier Groulx.
17:32 of 2nd period - Shot Misses the Net.
17:34 of 2nd period - Shot by Ty Emberson.
17:34 of 2nd period - Shot Misses the Net.
18:02 of 2nd period - Shai Buium is hit by Martin Pospisil and loses puck.
18:07 of 2nd period - Shot by Martin Pospisil.
18:07 of 2nd period - Stopped by Jaxson Stauber with a rebound.
18:17 of 2nd period - Shot by Kasperi Kapanen.
18:17 of 2nd period - Deflect By Brett Leason.
18:17 of 2nd period - Shot Misses the Net.
18:19 of 2nd period - Shot by Zach Aston-Reese.
18:19 of 2nd period - Shot Blocked by Matthew Poitras.
18:21 of 2nd period - Shot by Zach Aston-Reese.
18:21 of 2nd period - Shot Misses the Net.
18:33 of 2nd period - Shot by Zach Aston-Reese.
18:33 of 2nd period - Stopped by Jaxson Stauber with a rebound.
19:26 of 2nd period - Off-side.
19:27 of 2nd period - Cameron Lund wins face-off versus Benoit-Olivier Groulx in neutral zone.
19:32 of 2nd period - Icing by Morgan Barron.
19:33 of 2nd period - Riley Kidney wins face-off versus Benoit-Olivier Groulx in JACKSONVILLE MUDBUGS zone.
Goals for this period are 2 for PHILADELPHIA RAIDERS vs 0 for JACKSONVILLE MUDBUGS.
Shots for this period are 14 for PHILADELPHIA RAIDERS vs 18 for JACKSONVILLE MUDBUGS.

3rd period


0:01 of 3rd period - John Farinacci wins face-off versus Matthew Poitras in neutral zone.
0:04 of 3rd period - Shot by Brett Leason.
0:04 of 3rd period - Stopped by Jaxson Stauber without a rebound.
0:05 of 3rd period - Zach Aston-Reese wins face-off versus Matthew Poitras in PHILADELPHIA RAIDERS zone.
0:45 of 3rd period - Shot by Zach Aston-Reese.
0:45 of 3rd period - Stopped by Jaxson Stauber without a rebound.
0:46 of 3rd period - Zack Ostapchuk wins face-off versus Samu Tuomaala in PHILADELPHIA RAIDERS zone.
0:55 of 3rd period - Shot by Morgan Barron.
0:55 of 3rd period - Shot Misses the Net.
0:57 of 3rd period - Shot by Artem Duda.
0:57 of 3rd period - Shot Misses the Net.
0:59 of 3rd period - Shot by Morgan Barron.
0:59 of 3rd period - Stopped by Jaxson Stauber without a rebound.
1:00 of 3rd period - Morgan Barron wins face-off versus Matthew Poitras in PHILADELPHIA RAIDERS zone.
1:07 of 3rd period - Shot by Martin Pospisil.
1:07 of 3rd period - Shot Misses the Net.
1:09 of 3rd period - Shot by Morgan Barron.
1:09 of 3rd period - Goal by Morgan Barron - PHILADELPHIA RAIDERS : 2 - JACKSONVILLE MUDBUGS : 2.
1:10 of 3rd period - John Farinacci wins face-off versus Gavin Hayes in neutral zone.
1:10 of 3rd period - Zach Aston-Reese is hit by Zack Ostapchuk.
1:26 of 3rd period - Shot by Zack Ostapchuk.
1:26 of 3rd period - Stopped by Zach Sawchenko with a rebound.
1:43 of 3rd period - Shot by Zack Ostapchuk.
1:43 of 3rd period - Shot Blocked by Ty Emberson.
1:55 of 3rd period - Dennis Cholowski is hit by Zach Aston-Reese and loses puck.
3:05 of 3rd period - Shot by Morgan Barron.
3:05 of 3rd period - Deflect By Martin Pospisil.
3:05 of 3rd period - Shot Misses the Net.
3:11 of 3rd period - Shot by Martin Pospisil.
3:11 of 3rd period - Stopped by Jaxson Stauber without a rebound.
3:12 of 3rd period - Zack Ostapchuk wins face-off versus Martin Pospisil in PHILADELPHIA RAIDERS zone.
3:25 of 3rd period - Shot by Jonathan Gruden.
3:25 of 3rd period - Stopped by Zach Sawchenko with a rebound.
4:30 of 3rd period - Shot by Riley Kidney.
4:30 of 3rd period - Stopped by Zach Sawchenko with a rebound.
4:32 of 3rd period - Shot by Cameron Lund.
4:32 of 3rd period - Deflect By Tyce Thompson.
4:32 of 3rd period - Shot Hit the Post.
5:11 of 3rd period - Jaycob Megna is hit by Egor Sokolov and loses puck.
5:27 of 3rd period - Off-side.
5:28 of 3rd period - Zach Aston-Reese wins face-off versus Matthew Poitras in neutral zone.
5:28 of 3rd period - Zach Aston-Reese is hit by Curtis Lazar.
5:39 of 3rd period - Zach Aston-Reese is hit by Shai Buium and loses puck.
5:50 of 3rd period - Shot by Zach Aston-Reese.
5:50 of 3rd period - Stopped by Jaxson Stauber with a rebound.
6:21 of 3rd period - Shot by Morgan Barron.
6:21 of 3rd period - Shot Blocked by Brandon Scanlin.
6:23 of 3rd period - Shot by Artem Duda.
6:23 of 3rd period - Shot Hit the Post.
7:10 of 3rd period - Icing by Morgan Barron.
7:11 of 3rd period - Zack Ostapchuk wins face-off versus Martin Pospisil in JACKSONVILLE MUDBUGS zone.
7:14 of 3rd period - Shot by Gavin Hayes.
7:14 of 3rd period - Stopped by Zach Sawchenko without a rebound.
7:15 of 3rd period - Matthew Poitras wins face-off versus John Farinacci in JACKSONVILLE MUDBUGS zone.
7:25 of 3rd period - Icing by Curtis Lazar.
7:26 of 3rd period - John Farinacci wins face-off versus Matthew Poitras in PHILADELPHIA RAIDERS zone.
7:37 of 3rd period - Shot by Ty Emberson.
7:37 of 3rd period - Shot Blocked by Matthew Poitras.
7:59 of 3rd period - Shot by Zach Aston-Reese.
7:59 of 3rd period - Stopped by Jaxson Stauber without a rebound.
8:00 of 3rd period - John Farinacci wins face-off versus Zack Ostapchuk in PHILADELPHIA RAIDERS zone.
8:04 of 3rd period - Kasperi Kapanen is hit by Brandon Scanlin and loses puck.
8:48 of 3rd period - Shot by Martin Pospisil.
8:48 of 3rd period - Deflect By Samu Tuomaala.
8:48 of 3rd period - Shot Misses the Net.
8:50 of 3rd period - Shot by Jack Rathbone.
8:50 of 3rd period - Shot Blocked by Jonathan Gruden.
8:52 of 3rd period - Shot by Martin Pospisil.
8:52 of 3rd period - Shot Blocked by Zack Ostapchuk.
9:34 of 3rd period - Matthew Poitras is hit by Zach Aston-Reese and loses puck.
10:07 of 3rd period - Shot by Kasperi Kapanen.
10:07 of 3rd period - Stopped by Jaxson Stauber without a rebound.
10:08 of 3rd period - Curtis Lazar wins face-off versus Martin Pospisil in PHILADELPHIA RAIDERS zone.
10:08 of 3rd period - Curtis Lazar is hit by Martin Pospisil.
10:57 of 3rd period - Shot by Gavin Hayes.
10:57 of 3rd period - Shot Misses the Net.
11:04 of 3rd period - Shot by Jonathan Gruden.
11:04 of 3rd period - Shot Misses the Net.
11:06 of 3rd period - Shot by Dennis Cholowski.
11:06 of 3rd period - Stopped by Zach Sawchenko without a rebound.
11:07 of 3rd period - Matthew Poitras wins face-off versus Zach Aston-Reese in JACKSONVILLE MUDBUGS zone.
11:08 of 3rd period - Shot by Cameron Lund.
11:08 of 3rd period - Goal by Cameron Lund - PHILADELPHIA RAIDERS : 3 - JACKSONVILLE MUDBUGS : 2.
11:09 of 3rd period - Matthew Poitras wins face-off versus John Farinacci in neutral zone.
11:09 of 3rd period - Matthew Poitras is hit by Zach Aston-Reese.
11:17 of 3rd period - Shot by Riley Kidney.
11:17 of 3rd period - Stopped by Zach Sawchenko with a rebound.
12:08 of 3rd period - Morgan Barron is hit by Brandon Scanlin and loses puck.
12:37 of 3rd period - Icing by Zach Aston-Reese.
12:38 of 3rd period - Zach Aston-Reese wins face-off versus Matthew Poitras in JACKSONVILLE MUDBUGS zone.
13:06 of 3rd period - Shot by Matthew Poitras.
13:06 of 3rd period - Stopped by Zach Sawchenko without a rebound.
13:07 of 3rd period - Martin Pospisil wins face-off versus Matthew Poitras in JACKSONVILLE MUDBUGS zone.
13:07 of 3rd period - Martin Pospisil is hit by Riley Kidney.
13:16 of 3rd period - Martin Pospisil is hit by Brandon Scanlin and loses puck.
13:20 of 3rd period - Icing by Shai Buium.
13:21 of 3rd period - Matthew Poitras wins face-off versus John Farinacci in PHILADELPHIA RAIDERS zone.
13:49 of 3rd period - Shot by Brett Leason.
13:49 of 3rd period - Deflect By Zach Aston-Reese.
13:49 of 3rd period - Shot Blocked by Matthew Poitras.
14:04 of 3rd period - Icing by Brett Leason.
14:05 of 3rd period - John Farinacci wins face-off versus Zack Ostapchuk in JACKSONVILLE MUDBUGS zone.
14:28 of 3rd period - Shot by Morgan Barron.
14:28 of 3rd period - Shot Misses the Net.
14:39 of 3rd period - Icing by Jaycob Megna.
14:40 of 3rd period - Zack Ostapchuk wins face-off versus Martin Pospisil in PHILADELPHIA RAIDERS zone.
14:40 of 3rd period - Zack Ostapchuk is hit by Martin Pospisil.
14:50 of 3rd period - Double Minor Penalty to Curtis Lazar for Slashing.
14:51 of 3rd period - John Farinacci wins face-off versus Lukas Rousek in PHILADELPHIA RAIDERS zone.
14:52 of 3rd period - Shot by Zach Aston-Reese.
14:52 of 3rd period - Stopped by Jaxson Stauber without a rebound.
14:53 of 3rd period - Martin Pospisil wins face-off versus Cameron Lund in PHILADELPHIA RAIDERS zone.
14:58 of 3rd period - Shot by Ty Emberson.
14:58 of 3rd period - Shot Hit the Post.
15:47 of 3rd period - Shot by Zach Aston-Reese.
15:47 of 3rd period - Stopped by Jaxson Stauber with a rebound.
15:53 of 3rd period - Shot by Zach Aston-Reese.
15:53 of 3rd period - Shot Blocked by Brandon Scanlin.
15:55 of 3rd period - Shot by Zach Aston-Reese.
15:55 of 3rd period - Stopped by Jaxson Stauber with a rebound.
15:59 of 3rd period - Shot by Zach Aston-Reese.
15:59 of 3rd period - Stopped by Jaxson Stauber with a rebound.
16:47 of 3rd period - Shot by Ty Emberson.
16:47 of 3rd period - Shot Misses the Net.
16:49 of 3rd period - Shot by Ty Emberson.
16:49 of 3rd period - Shot Misses the Net.
16:51 of 3rd period - Shot by Ty Emberson.
16:51 of 3rd period - Shot Blocked by Jaycob Megna.
16:53 of 3rd period - Shot by Brett Leason.
16:53 of 3rd period - Shot Blocked by Shai Buium.
16:55 of 3rd period - Shot by Brett Leason.
16:55 of 3rd period - Shot Misses the Net.
17:04 of 3rd period - Shot by Zach Aston-Reese.
17:04 of 3rd period - Goal by Zach Aston-Reese - PHILADELPHIA RAIDERS : 3 - JACKSONVILLE MUDBUGS : 3.
17:05 of 3rd period - Zack Ostapchuk wins face-off versus Martin Pospisil in neutral zone.
17:43 of 3rd period - Icing by Mikko Kokkonen.
17:44 of 3rd period - Martin Pospisil wins face-off versus Matthew Poitras in JACKSONVILLE MUDBUGS zone.
17:56 of 3rd period - Icing by Curtis Lazar.
17:57 of 3rd period - John Farinacci wins face-off versus Matthew Poitras in PHILADELPHIA RAIDERS zone.
18:02 of 3rd period - Shot by Brett Leason.
18:02 of 3rd period - Shot Misses the Net.
18:12 of 3rd period - Shot by Lukas Rousek.
18:12 of 3rd period - Stopped by Zach Sawchenko without a rebound.
18:13 of 3rd period - Zack Ostapchuk wins face-off versus John Farinacci in JACKSONVILLE MUDBUGS zone.
18:18 of 3rd period - Shot by Jonathan Gruden.
18:18 of 3rd period - Stopped by Zach Sawchenko with a rebound.
18:34 of 3rd period - Shot by Jonathan Gruden.
18:34 of 3rd period - Stopped by Zach Sawchenko without a rebound.
18:35 of 3rd period - Martin Pospisil wins face-off versus Matthew Poitras in JACKSONVILLE MUDBUGS zone.
19:00 of 3rd period - Shot by Martin Pospisil.
19:00 of 3rd period - Deflect By Morgan Barron.
19:00 of 3rd period - Goal by Morgan Barron - PHILADELPHIA RAIDERS : 3 - JACKSONVILLE MUDBUGS : 4.
19:01 of 3rd period - Tyce Thompson wins face-off versus Brett Leason in neutral zone.
19:21 of 3rd period - Shot by Zach Aston-Reese.
19:21 of 3rd period - Shot Misses the Net.
19:23 of 3rd period - Shot by Artem Duda.
19:23 of 3rd period - Stopped by Jaxson Stauber without a rebound.
19:24 of 3rd period - Zach Aston-Reese wins face-off versus Matthew Poitras in PHILADELPHIA RAIDERS zone.
19:25 of 3rd period - Shot by Brett Leason.
19:25 of 3rd period - Stopped by Jaxson Stauber without a rebound.
19:26 of 3rd period - Matthew Poitras wins face-off versus Brett Leason in PHILADELPHIA RAIDERS zone.
19:28 of 3rd period - Icing by Curtis Lazar.
19:29 of 3rd period - Matthew Poitras wins face-off versus Brett Leason in PHILADELPHIA RAIDERS zone.
19:29 of 3rd period - Curtis Lazar is hit by Zach Aston-Reese and loses puck.
19:56 of 3rd period - Shot by Zach Aston-Reese.
19:56 of 3rd period - Stopped by Jaxson Stauber without a rebound.
19:57 of 3rd period - Matthew Poitras wins face-off versus Brett Leason in PHILADELPHIA RAIDERS zone.
Goals for this period are 1 for PHILADELPHIA RAIDERS vs 3 for JACKSONVILLE MUDBUGS.
Shots for this period are 11 for PHILADELPHIA RAIDERS vs 17 for JACKSONVILLE MUDBUGS.